 Dungeon Crawl Stone Soup version 0.19.5 (webtiles) character file.

152749 mezla the Severer (level 17, -12/160 HPs)
             Began as a Minotaur Berserker on May 4, 2017.
             Was the Champion of Trog.
             Mangled by a manticore (48 damage)
             ... on level 4 of the Shoals.
             The game lasted 02:31:03 (27010 turns).

mezla the Severer (Minotaur Berserker)             Turns: 27010, Time: 02:31:03

Health: -12/160    AC: 28    Str: 38    XL:     17   Next: 3%
Magic:  0/16       EV: 19    Int:  4    God:    Trog [******]
Gold:   621        SH:  8    Dex: 19    Spells: 0 memorised, 16 levels left

rFire  + + +     SeeInvis .     i - +9 hand axe (elec)
rCold  + + +     Gourm    .     W - +3 plate armour {rF+}
rNeg   + . .     Faith    +     E - +0 buckler "Xoqou" {*Corrode Str+2 Dex+3}
rPois  .         Spirit   +     M - +1 hat {Spirit}
rElec  .         Reflect  .     u - +2 cloak
rCorr  .         Harm     .     d - +1 pair of gloves
MR     +....                    J - +0 pair of boots
Stlth  ..........               k - amulet of faith
                                y - ring "Qutel" {rC++ Str+5 Dex+4}
                                L - ring of the Lonely Wishes {*Drain rC+ rN+ Dex+2 Slay+3}

@: afraid, slowed, glowing, studying Fighting, very slow
A: retaliatory headbutt, horns 2, talons 1, blink, fire resistance 2, strong 1,
wild magic 1, evolution 2
a: Blink, Berserk, Trog's Hand, Brothers in Arms, Burn Spellbooks, Renounce
Religion


You were on level 4 of the Shoals.
You worshipped Trog.
Trog was exalted by your worship.
You were near starving.

You visited 5 branches of the dungeon, and saw 28 of its levels.
You also visited: Trove, Bailey and Ice Cave.

You collected 2510 gold pieces.
You spent 1889 gold pieces at shops.

Inventory:

Hand Weapons
 i - a +9 hand axe of electrocution (weapon)
 s - a +4 broad axe of flaming
 Z - a +2 battleaxe of freezing
Armour
 c - a +1 cloak of cold resistance
 d - a +1 pair of gloves (worn)
 u - a +2 cloak (worn)
 E - the +0 buckler "Xoqou" (worn) {*Corrode Str+2 Dex+3}
   (You found it on level 1 of the Lair of Beasts)

   It affects your strength (+2).
   It affects your dexterity (+3).
   It may corrode you when you take damage.
 J - a +0 pair of boots (worn)
 M - a +1 hat of spirit shield (worn)
 V - a +2 shield of fire resistance
 W - a +3 plate armour of fire resistance (worn)
Jewellery
 f - the ring of Xoecoqoz {rCorr Dex+4}
   (You found it on level 1 of the Shoals)

   [ring of resist corrosion]

   It affects your dexterity (+4).
 k - an amulet of faith (around neck)
 y - the ring "Qutel" (right hand) {rC++ Str+5 Dex+4}
   (You found it on level 8 of the Dungeon)

   [ring of strength]

   It affects your strength (+5).
   It affects your dexterity (+4).
   It greatly protects you from cold.
 G - a +5 ring of strength
 K - an uncursed ring of positive energy
 L - the ring of the Lonely Wishes (left hand) {*Drain rC+ rN+ Dex+2 Slay+3}
   (You found it in a treasure trove)

   [ring of positive energy]

   It affects your dexterity (+2).
   It affects your accuracy and damage with ranged weapons and melee attacks
   (+3).
   It protects you from cold.
   It protects you from negative energy.
   It causes draining when unequipped.
 U - an uncursed ring of protection from fire
Wands
 o - a wand of polymorph (11/24)
 X - a wand of enslavement (6/24)
 Y - a wand of disintegration (0/24)
Scrolls
 a - a scroll of fear
 b - 3 scrolls of teleportation
 g - a scroll of recharging
 r - 2 scrolls of magic mapping
 t - 9 scrolls of remove curse
 w - 2 scrolls of identify
 Q - 3 scrolls of enchant weapon
Potions
 e - 4 potions of lignification
 h - 4 potions of cure mutation
 j - 2 potions of flight
 m - 2 potions of haste
 n - 2 potions of invisibility
 q - a potion of cancellation
 v - 4 potions of agility
 A - 3 potions of might
 B - 2 potions of berserk rage
 F - a potion of curing
 H - 4 potions of magic
 O - 5 potions of brilliance
Books
 x - a manual of Fighting
Miscellaneous
 D - a phial of floods
 N - a lamp of fire
Comestibles
 l - a meat ration
 p - 19 fruits
 C - 12 bread rations
 I - a royal jelly
 S - 3 slices of pizza


   Skills:
 + Level 16.8 Fighting
 + Level 20.6 Axes
 - Level 15.1 Armour
 * Level 13.0 Dodging
 + Level 14.1 Shields
 - Level 0.3 Evocations


You had 16 spell levels left.
You didn't know any spells.

Dungeon Overview and Level Annotations

Branches:
Dungeon (15/15)            Temple (1/1) D:4            Lair (6/6) D:8
 Shoals (4/4) Lair:3       Spider (0/4) Lair:3        Slime (0/5) Lair:5
    Orc (2/2) D:12            Elf (0/3) Orc:2        Vaults (0/5) D:14
 Depths (0/5) D:15

Altars:
Ashenzari
Cheibriados
Dithmenos
Elyvilon
Fedhas
Gozag
Hepliaklqana
Kikubaaqudgha
Makhleb
Nemelex Xobeh
Okawaru
Qazlal
Ru
Sif Muna
Trog
Uskayaw
Vehumet
Xom
Zin
The Shining One
Beogh

Shops:
D:7 %   D:8 (   D:12 =(?(   Orc:1 }   Orc:2 *[:(

Portals:
Hell: Lair:6


Innate Abilities, Weirdness & Mutations

You reflexively headbutt those who attack you in melee.
You have a pair of horns on your head.
You have sharp toenails.
You can translocate small distances at will.
Your flesh is very heat resistant. (rF++)
Your muscles are strong. (Str +2)
Your spells are a little harder to cast, but a little more powerful.
You rapidly evolve.


Message History

The faun misses you.
The satyr shoots a sling bullet.
The sling bullet completely misses you. The manticore barely misses you.
You furiously retaliate!
You headbutt the manticore! You block the manticore's attack.
The manticore claws you but does no damage.
You are too terrified to rage.
You slice the satyr!!
The satyr is almost dead.
You slash the faun!
There is a sudden explosion of sparks!
You slash the faun! You slash the manticore! The manticore barely misses you.
The manticore claws you but does no damage.
You block the manticore's attack.
The faun hits you with an enchanted hunting sling!!
* * * LOW HITPOINT WARNING * * *
The satyr plays a lulling melody on his pipes!
You fall asleep.
The faun points at you and mumbles some strange words.
You resist with some effort. The manticore bites you!!!
You wake up.
You die...

#........####
#...............
##............≈..
###.............≈≈≈
...............≈≈..
................≈≈.
.......cc........≈≈
≈≈.....c@.....(≈..≈
≈≈≈≈≈≈≈H(((<.≈≈≈≈.≈
≈≈≈≈≈≈≈((†(..≈≈≈≈≈≈
≈≈≈≈≈≈≈≈≈≈≈..≈≈≈≈≈≈
≈≈≈≈≈≈≈≈≈≈(≈≈≈≈≈≈≈≈
≈≈≈≈≈≈≈≈≈≈≈≈≈≈≈≈≈≈≈
≈≈≈≈≈≈≈≈≈≈≈≈≈≈≈≈≈≈≈
≈≈≈≈≈≈≈≈≈≈≈≈≈≈≈≈≈≈≈
≈≈≈≈≈≈≈≈≈≈≈≈≈≈≈≈≈≈≈


You could see a satyr, 2 fauns and a manticore.

Vanquished Creatures
  The ghost of humperndinck the Executioner, an adept HOBe of Uskayaw (Shoals:3)
  Gastronok (Lair:3)
  A frost giant (IceCv)
  The ghost of supermoro the Thaumaturge, a journeyman DEFE of Vehumet (Lair:6)
  A dire elephant (Lair:6)
  Nessos (D:14)
  6 merfolk javelineers
  3 merfolk impalers
  8 hydras
  A merfolk avatar (Shoals:1)
  A centaur warrior (D:15)
  2 alligator snapping turtles
  2 ogre magi (D:15)
  A satyr (Shoals:3)
  Urug (D:12)
  A death yak (Lair:6)
  3 orc high priests (Orc:2)
  Sonja (D:15)
  A deep elf knight (Bailey)
  A sixfirhy (Lair:6)
  3 unseen horrors
  9 sea snakes
  3 wizards
  5 harpies (Shoals:2)
  6 orc knights
  8 hill giants
  A necromancer (D:14)
  7 orc sorcerers
  7 ugly things
  10 deep elf magi
  An oklob plant (Shoals:1)
  10 fauns
  4 cyclopes
  6 elephants (Lair:6)
  2 sirens
  9 manticores
  5 water nymphs
  4 centaur zombies
  2 ice statues (IceCv)
  7 black mambas
  6 centaur skeletons
  An orange demon (Lair:6)
  Maurice (D:12)
  9 spiny frogs
  A spiny frog (shapeshifter) (D:13)
  A torpor snail (Lair:6)
  3 rime drakes (Lair:6)
  A gargoyle (D:12)
  3 kobold demonologists
  An efreet (D:13)
  6 komodo dragons
  An ice devil (Lair:6)
  13 polar bears
  13 trolls
  A jumping spider (Lair:3)
  14 merfolk
  14 slime creatures
  A hornet (shapeshifter) (D:14)
  2 wind drakes
  7 two-headed ogres
  A wolf spider simulacrum (D:12)
  5 snapping turtles
  2 blink frogs (Lair:3)
  10 hippogriffs
  3 dream sheep (Shoals:3)
  A shadow (D:15)
  The ghost of Dadi the Magician, an amateur DECj (D:5)
  2 spriggans
  2 wraiths
  35 yaks
  Sigmund (D:4)
  A water elemental (Shoals:3)
  A basilisk (Lair:6)
  A hungry ghost (D:12)
  8 vampire mosquitoes
  Grum (D:10)
  Menkaure (D:7)
  2 soldier ants
  10 water moccasins
  2 wargs
  A hell hound (Lair:6)
  7 porcupines
  2 hornet zombies
  6 sky beasts
  29 orc warriors
  3 ice beasts
  2 phantoms
  12 ogres
  An ogre (shapeshifter) (D:14)
  2 black bears
  23 wolves
  9 centaurs
  7 crocodiles
  2 big kobolds
  19 bullfrogs
  5 scorpions
  10 killer bees
  An electric eel (Lair:3)
  5 wights
  6 howler monkeys
  7 crimson imps
  A quasit (D:14)
  A bullfrog zombie (D:11)
  9 jellies
  18 orc priests
  5 hounds
  32 orc wizards
  3 bullfrog skeletons
  Jessica (D:2)
  6 iguanas
  6 worker ants
  2 hell rats (Lair:5)
  A hound zombie (D:5)
  Robin (D:2)
  A gnoll (D:1)
  6 river rats (Lair:5)
  15 adders
  3 shadow imps
  An adder zombie (D:5)
  4 worms
  2 dart slugs
  4 leopard geckos
  91 orcs
  5 giant cockroaches
  11 goblins
  13 hobgoblins
  3 jackals
  26 kobolds
  4 quokkas
  7 bats
  3 frilled lizards
  2 leopard gecko zombies
  7 rats
  A bush (Lair:4)
  2 fungi
  15 plants
807 creatures vanquished.

Vanquished Creatures (collateral kills)
  An orc warlord (Orc:2)
  Snorg (Lair:3)
  3 hydras (Lair:6)
  Erica (D:8)
  The ghost of happy2pester the Carver, a novice HOFi of the Shining One (D:8)
  A smoke demon (Lair:6)
  A spiny frog (Lair:1)
  3 orange demons (Lair:6)
  An ice devil (Lair:6)
  2 red devils (Lair:6)
  A polar bear (Lair:6)
  3 blink frogs (Lair:3)
  3 yaks (Lair:6)
  2 basilisks
  A water moccasin (Lair:6)
  3 orc warriors (Orc:2)
  A crocodile (Lair:3)
  3 wights (D:9)
  A jelly (D:8)
  An orc priest (Orc:2)
  An orc wizard (Orc:2)
  3 orcs (Orc:2)
38 creatures vanquished.

Vanquished Creatures (others)
  Erolcha (Orc:1)
  A sun demon (Lair:6)
  A deep elf mage (Bailey)
  A polar bear (IceCv)
  2 kobolds
  14 fungi (Lair:6)
  14 plants
34 creatures vanquished.

Grand Total: 879 creatures vanquished

Notes
Turn   | Place    | Note
-------+----------+-------------------------------------------
     0 | D:1      | mezla the Minotaur Berserker began the quest for the Orb.
     0 | D:1      | Reached XP level 1. HP: 19/19 MP: 0/0
   284 | D:1      | Reached XP level 2. HP: 14/27 MP: 1/1
   945 | D:1      | Reached skill level 4 in Axes
  1087 | D:2      | Noticed Jessica
  1099 | D:2      | Killed Jessica
  1099 | D:2      | Reached XP level 3. HP: 6/34 MP: 2/2
  1186 | D:2      | Noticed Robin
  1193 | D:2      | Killed Robin
  1193 | D:2      | Reached XP level 4. HP: 30/41 MP: 3/3
  1429 | D:2      | Reached ** piety under Trog
  2046 | D:2      | Found a white marble altar of Elyvilon.
  2153 | D:3      | Reached skill level 5 in Axes
  2226 | D:3      | Reached XP level 5. HP: 38/47 MP: 4/4
  2273 | D:3      | Found a deep blue altar of Sif Muna.
  2467 | D:3      | Reached skill level 5 in Fighting
  2666 | D:3      | Reached *** piety under Trog
  3029 | D:4      | Reached skill level 6 in Axes
  3029 | D:4      | Reached XP level 6. HP: 56/56 MP: 5/5
  3106 | D:4      | Found a shattered altar of Ashenzari.
  3109 | D:4      | Found an ancient bone altar of Kikubaaqudgha.
  3111 | D:4      | Found a sacrificial altar of Ru.
  3250 | D:4      | Found a staircase to the Ecumenical Temple.
  3271 | D:4      | Noticed Sigmund
  3296 | D:4      | HP: 2/56 [Sigmund/scythe of freezing (3)]
  3299 | D:4      | Killed Sigmund
  3655 | D:4      | Gained mutation: You evolve. [potion of beneficial mutation]
  3684 | D:4      | Reached XP level 7. HP: 25/61 MP: 6/6
  3915 | D:4      | Reached skill level 7 in Axes
  4135 | D:4      | Reached skill level 5 in Armour
  4336 | Temple   | Entered the Ecumenical Temple
  4558 | D:5      | Entered Level 5 of the Dungeon
  4884 | D:5      | Noticed Dadi's ghost (amateur DECj)
  4902 | D:5      | Killed Dadi's ghost
  4902 | D:5      | Reached **** piety under Trog
  4902 | D:5      | Reached XP level 8. HP: 65/70 MP: 7/7
  4946 | D:5      | Reached skill level 8 in Axes
  5185 | D:5      | Found a bloodstained altar of Trog.
  5556 | D:6      | Found a glowing golden altar of the Shining One.
  5689 | D:6      | Found a bloodstained altar of Trog.
  6118 | D:7      | Found Oziahall's Food Shoppe.
  6122 | D:7      | Bought a meat ration for 60 gold pieces
  6122 | D:7      | Bought a royal jelly for 24 gold pieces
  6122 | D:7      | Bought a meat ration for 60 gold pieces
  6122 | D:7      | Bought a bread ration for 60 gold pieces
  6122 | D:7      | Bought a meat ration for 60 gold pieces
  6122 | D:7      | Bought a meat ration for 60 gold pieces
  6157 | D:7      | Noticed Menkaure
  6168 | D:7      | Killed Menkaure
  6255 | D:7      | Reached skill level 9 in Axes
  6274 | D:7      | Reached skill level 5 in Dodging
  6766 | D:7      | Found a shimmering altar of Xom.
  6787 | D:7      | Reached XP level 9. HP: 77/77 MP: 8/8
  6967 | D:8      | Got a warped ivory ring
  6968 | D:8      | Identified the ring "Qutel" {rC++ Str+5 Dex+4} (You found it on level 8 of the Dungeon)
  7089 | D:8      | Found a sparkling altar of Nemelex Xobeh.
  7116 | D:8      | Noticed Erica
  7119 | D:8      | Killed Erica
  7119 | D:8      | Reached skill level 10 in Axes
  7269 | D:8      | Found a staircase to the Lair.
  7270 | D:8      | Noticed a komodo dragon
  7304 | D:8      | Killed a komodo dragon
  7332 | D:8      | Gained mutation: Your flesh is heat resistant. (rF+) [evolution]
  7528 | D:8      | Noticed happy2pester's ghost (novice HOFi)
  7538 | D:8      | Killed happy2pester's ghost
  7538 | D:8      | Reached skill level 10 in Armour
  7545 | D:8      | Reached skill level 11 in Axes
  7594 | D:8      | Found Mael's Weapon Shoppe.
  7935 | D:9      | Reached XP level 10. HP: 86/86 MP: 9/9
  8274 | D:10     | Entered Level 10 of the Dungeon
  8319 | D:10     | Noticed Grum
  8372 | D:10     | Killed Grum
  8381 | D:10     | Reached skill level 12 in Axes
  8895 | D:10     | Noticed a hill giant
  8905 | D:10     | Killed a hill giant
  9141 | Lair:1   | Entered Level 1 of the Lair of Beasts
  9416 | Lair:1   | Noticed a spiny frog
  9422 | Lair:1   | Killed a spiny frog
  9433 | Lair:1   | Reached skill level 13 in Axes
  9435 | Lair:1   | Noticed a black mamba
  9446 | Lair:1   | Killed a black mamba
  9446 | Lair:1   | Reached XP level 11. HP: 86/97 MP: 10/10
  9565 | Lair:1   | Gained mutation: Your spells are a little harder to cast, but a little more powerful. [evolution]
  9712 | Lair:1   | Got a spiked buckler
  9713 | Lair:1   | Identified the +0 buckler "Xoqou" {*Corrode Str+2 Dex+3} (You found it on level 1 of the Lair of Beasts)
 10196 | Lair:2   | Reached ***** piety under Trog
 10471 | Lair:2   | Reached skill level 10 in Fighting
 10636 | Lair:3   | You fall through a shaft!
 10656 | Lair:4   | Reached skill level 1 in Shields
 10785 | Lair:3   | Noticed Snorg
 10795 | Lair:3   | Killed Snorg
 10795 | Lair:3   | Reached skill level 14 in Axes
 10803 | Lair:3   | Found a hole to the Spider Nest.
 11017 | Lair:3   | Lost mutation: Your flesh is heat resistant. (rF+) [evolution]
 11022 | Lair:3   | Found a staircase to the Shoals.
 11390 | Lair:3   | Noticed Gastronok
 11406 | Lair:3   | Killed Gastronok
 11406 | Lair:3   | Reached XP level 12. HP: 65/106 MP: 11/11
 11451 | Lair:3   | Reached skill level 15 in Axes
 12008 | Lair:4   | Noticed a five-headed hydra
 12017 | Lair:4   | Killed a nine-headed hydra
 12102 | Lair:4   | Gained mutation: Your mind is acute. (Int +2) [potion of beneficial mutation]
 12264 | Lair:5   | Found a staircase to the Slime Pits.
 12400 | Lair:5   | Gained mutation: You have sharp toenails. [potion of mutation]
 12400 | Lair:5   | Gained mutation: Your flesh is heat resistant. (rF+) [potion of mutation]
 12400 | Lair:5   | Gained mutation: You are frail. (-10% HP) [potion of mutation]
 12831 | Lair:6   | Entered Level 6 of the Lair of Beasts
 12841 | Lair:6   | Noticed a six-headed hydra
 12848 | Lair:6   | Killed a nine-headed hydra
 12848 | Lair:6   | Reached skill level 16 in Axes
 12871 | Lair:6   | Noticed supermoro's ghost (journeyman DEFE)
 12892 | Lair:6   | Killed supermoro's ghost
 13100 | Lair:6   | Noticed a six-headed hydra
 13107 | Lair:6   | Killed a six-headed hydra
 13171 | Lair:6   | Noticed a seven-headed hydra
 13180 | Lair:6   | Killed a ten-headed hydra
 13180 | Lair:6   | Reached skill level 5 in Shields
 13308 | Lair:6   | Noticed an eight-headed hydra
 13503 | Lair:6   | Noticed a dire elephant
 13517 | Lair:6   | Killed a dire elephant
 13640 | Lair:6   | Noticed a four-headed hydra
 13655 | Lair:6   | Killed an 11-headed hydra
 13655 | Lair:6   | Reached XP level 13. HP: 36/101 MP: 4/12
 13959 | Lair:6   | Reached skill level 17 in Axes
 14450 | Lair:6   | Received a gift from Trog
 14462 | Lair:6   | Found a burning altar of Makhleb.
 14815 | Lair:6   | Found a gateway to Hell.
 15682 | D:11     | Found a portal to a secret trove of treasure.
 15686 | D:11     | Gained mutation: Your muscles are strong. (Str +2) [evolution]
 15765 | Trove    | Entered a treasure trove
 15849 | Trove    | Reached skill level 18 in Axes
 15849 | Trove    | Reached skill level 15 in Armour
 15849 | Trove    | Reached XP level 14. HP: 109/109 MP: 13/13
 15859 | Trove    | Got a brightly glowing silver ring
 16251 | D:12     | Found a frozen archway.
 16255 | D:12     | Noticed Urug
 16278 | D:12     | Killed Urug
 16298 | IceCv    | Entered an ice cave
 16326 | IceCv    | Reached * piety under Trog
 16665 | IceCv    | Reached skill level 10 in Dodging
 16691 | IceCv    | Noticed a frost giant
 16707 | IceCv    | Killed a frost giant
 17161 | D:12     | Reached XP level 15. HP: 115/115 MP: 14/14
 17182 | D:12     | Identified the ring of the Lonely Wishes {*Drain rC+ rN+ Dex+2 Slay+3} (You found it in a treasure trove)
 17258 | D:12     | Found a blossoming altar of Fedhas.
 17302 | D:12     | Found Viciesch's Magic Scroll Boutique.
 17328 | D:12     | Bought a scroll of identify for 24 gold pieces
 17328 | D:12     | Bought a scroll of enchant weapon for 90 gold pieces
 17328 | D:12     | Bought a scroll of enchant weapon for 90 gold pieces
 17328 | D:12     | Bought a scroll of identify for 24 gold pieces
 17560 | D:12     | Found Ciaqarodd's Weapon Emporium.
 17644 | D:12     | Noticed Maurice
 17652 | D:12     | Killed Maurice
 17661 | D:12     | Found a roughly hewn altar of Beogh.
 17661 | D:12     | Found a staircase to the Orcish Mines.
 17689 | D:12     | Reached skill level 10 in Shields
 17744 | D:12     | Gained mutation: You rapidly evolve. [evolution]
 17930 | D:12     | Found Wopy's Jewellery Shop.
 17951 | D:12     | Found Etrig's Antique Weapon Emporium.
 17983 | D:12     | Bought a +5 ring of strength for 618 gold pieces
 18211 | D:13     | Found a flagged portal.
 18275 | Bailey   | Entered a bailey
 18291 | Bailey   | Reached skill level 19 in Axes
 18451 | Bailey   | Identified Sif Muna's Tome of the Traveller
 18984 | D:14     | Noticed Nessos
 18999 | D:14     | Killed Nessos
 19424 | D:14     | Found a gate to the Vaults.
 19443 | D:14     | Lost mutation: You are frail. (-10% HP) [evolution]
 19749 | D:15     | Entered Level 15 of the Dungeon
 19804 | D:15     | Noticed Sonja
 19832 | D:15     | Received a gift from Trog
 20161 | D:15     | Found a staircase to the Depths.
 20424 | D:15     | Killed Sonja
 20758 | D:15     | Found an iron altar of Okawaru.
 20921 | D:15     | Reached XP level 16. HP: 114/141 MP: 15/15
 21206 | Orc:1    | Entered Level 1 of the Orcish Mines
 21280 | Orc:1    | Noticed Erolcha
 21284 | Orc:1    | Killed Erolcha
 21412 | Orc:1    | Found Athaj's Quality Used Wands.
 21432 | Orc:1    | Bought a wand of disintegration (0/24) for 60 gold pieces
 21432 | Orc:1    | Bought a wand of digging (0/24) for 120 gold pieces
 21603 | Orc:2    | Entered Level 2 of the Orcish Mines
 21622 | Orc:2    | Received a gift from Trog
 21635 | Orc:2    | Paralysed by an orc sorcerer for 5 turns
 21835 | Orc:2    | Reached skill level 20 in Axes
 21907 | Orc:2    | Found Ciher's General Store.
 21907 | Orc:2    | Found Zauguir's Book Shop.
 21920 | Orc:2    | Paralysed by an orc sorcerer for 7 turns
 21939 | Orc:2    | Reached ****** piety under Trog
 21943 | Orc:2    | Found Kunlatoto's Antique Armour Shop.
 21943 | Orc:2    | Found Lumyiz's Antique Weapon Boutique.
 21968 | Orc:2    | Received a gift from Trog
 22331 | Orc:2    | Lost mutation: Your mind is acute. (Int +2) [evolution]
 22332 | Orc:2    | Bought a dazzling battleaxe for 287 gold pieces
 22334 | Orc:2    | Bought a glowing cloak for 252 gold pieces
 22340 | Orc:2    | Identified the cursed +1 battleaxe "Uczuq" {drain, +Inv rElec Str+2 Stlth+} (You bought it in a shop on level 2 of the Orcish Mines)
 22678 | Orc:2    | Found a staircase to the Elven Halls.
 23115 | Shoals:1 | Entered Level 1 of the Shoals
 23116 | Shoals:1 | Gained mutation: You can translocate small distances at will. [potion of beneficial mutation]
 23117 | Shoals:1 | Gained mutation: Your flesh is very heat resistant. (rF++) [potion of beneficial mutation]
 23265 | Shoals:1 | Got a scintillating brass ring
 23608 | Shoals:1 | Identified the ring of Xoecoqoz {rCorr Dex+4} (You found it on level 1 of the Shoals)
 23946 | Shoals:1 | Found an opulent altar of Gozag.
 24043 | Shoals:1 | Received a gift from Trog
 24194 | Shoals:1 | Reached skill level 15 in Fighting
 24931 | Shoals:2 | Received a gift from Trog
 25160 | Shoals:3 | Noticed humperndinck's ghost (adept HOBe)
 25191 | Shoals:3 | Killed humperndinck's ghost
 26402 | Shoals:3 | Reached XP level 17. HP: 86/160 MP: 12/16
 26989 | Shoals:4 | Entered Level 4 of the Shoals
 27010 | Shoals:4 | Mangled by a manticore

Skill      XL: |  1  2  3  4  5  6  7  8  9 10 11 12 13 14 15 16 17 |
---------------+----------------------------------------------------+-----
Fighting       | 4 5 6 7 9 10 12 16 | 16.8
Axes           | 4 5 6 7 9 11 13 14 16 18 19 20 | 20.6
Armour         | 3 4 6 8 10 11 12 14 15 | 15.1
Dodging        | 3 4 5 6 7 9 10 11 12 13 | 13.0
Shields        | 2 5 8 9 12 14 | 14.1
Evocations     | |  0.3

Action                   |  1- 3 |  4- 6 |  7- 9 | 10-12 | 13-15 | 16-18 || total
-------------------------+-------+-------+-------+-------+-------+-------++-------
Melee: Hand axe          |    30 |   130 |   210 |   362 |   653 |   447 ||  1832
       Headbutt          |     4 |    16 |    38 |   115 |   209 |   144 ||   526
       War axe           |       |       |       |       |     3 |       ||     3
Invok: Berserk           |     2 |     3 |     6 |     3 |    12 |     5 ||    31
       Trog's Hand       |       |     1 |     3 |     8 |     8 |     4 ||    24
       Burn Spellbooks   |       |       |     2 |     1 |     2 |     2 ||     7
       Brothers in Arms  |       |       |     3 |     7 |     5 |     2 ||    17
Evoke: Wand              |       |       |       |     2 |     4 |       ||     6
       Phantom mirror    |       |       |       |     1 |       |       ||     1
       Lamp of fire      |       |       |       |       |     1 |     1 ||     2
       Phial of floods   |       |       |       |       |     1 |     1 ||     2
  Use: Scroll            |     6 |     7 |     4 |    15 |    11 |    11 ||    54
       Potion            |     2 |     9 |     3 |     7 |     9 |     5 ||    35
 Stab: Petrified         |       |       |       |     2 |       |       ||     2
       Sleeping          |       |       |       |       |     1 |       ||     1
  Eat: Bread ration      |     1 |     1 |     2 |       |       |     1 ||     5
       Meat ration       |       |     1 |     2 |     2 |     5 |     4 ||    14
       Royal jelly       |       |       |     1 |     1 |       |       ||     2
       Fruit             |       |       |       |    10 |    12 |     4 ||    26
       Pizza             |       |       |       |     3 |     1 |       ||     4
       Beef jerky        |       |       |       |     2 |       |       ||     2
Armor: Animal skin       |    12 |     5 |       |       |       |       ||    17
       Leather armour    |       |     8 |       |       |       |       ||     8
       Chain mail        |       |    20 |       |       |       |       ||    20
       Scale mail        |       |    15 |    70 |   130 |    44 |       ||   259
       Plate armour      |       |       |       |       |   234 |   260 ||   494
Dodge: Dodged            |    39 |    95 |   105 |   213 |   420 |   382 ||  1254
Block: Buckler           |       |       |       |    52 |   182 |   191 ||   425
